 Dungeon Crawl Stone Soup version 0.18-a0-822-gb52b7b4 (webtiles) character file.

8 Raultor the Skirmisher (level 2, 24/24 HPs)
             Began as a Demonspawn Fighter on Dec 16, 2015.
             Quit the game on level 1 of the Dungeon.
             The game lasted 00:00:44 (248 turns).

Raultor the Skirmisher (Demonspawn Fighter)          Turns: 248, Time: 00:00:44

Health: 24/24      AC:  6    Str: 16    XL:     2   Next: 0%
Magic:  2/2        EV:  9    Int:  9    God:
Gold:   0          SH:  4    Dex: 12    Spells: 0 memorised, 1 level left

rFire  . . .     SeeInvis .     a - +0 flail
rCold  . . .     Gourm    .     b - +0 scale mail
rNeg   . . .     Faith    .     e - +0 buckler
rPois  .         Spirit   .     (no helmet)
rElec  .         Dismiss  .     (no cloak)
rCorr  .         Reflect  .     (no gloves)
SustAt .         Harm     .     (no boots)
MR     .....                    (no amulet)
Stlth  ..........               (no ring)
                                (no ring)

@: not resistant to hostile enchantments, extremely unstealthy
A: hooves 1
a: no special abilities


You were on level 1 of the Dungeon.
You were not hungry.

You visited 1 branch of the dungeon, and saw 1 of its levels.

Inventory:

Hand Weapons
 a - a +0 flail (weapon)
Armour
 b - a +0 scale mail (worn)
 c - a +0 shield
 e - a +0 buckler (worn)
   (You found it on level 1 of the Dungeon)
Potions
 d - a potion of might
Comestibles
 f - a bread ration {@e1}
 h - a meat ration {@e2}


   Skills:
 - Level 3.0 Fighting
 * Level 2.2 Maces & Flails
 + Level 2.8 Armour
 + Level 2.7 Shields


You had one spell level left.
You didn't know any spells.

Dungeon Overview and Level Annotations

Branches:
Dungeon (1/15)

Altars:


Innate Abilities, Weirdness & Mutations

You have large cloven feet.


Message History

The hobgoblin hits you.
You take 1 damage, and have 17/18 hp.
You closely miss the hobgoblin. The hobgoblin hits you.
You take 4 damage, and have 13/18 hp.
MASSIVE DAMAGE!!
You closely miss the hobgoblin. The hobgoblin hits you.
You take 1 damage, and have 12/18 hp.
You sock the hobgoblin!
You kill the hobgoblin!
You see here a hobgoblin corpse.
You butcher the hobgoblin corpse.
g - 3 chunks of flesh {@w0} You start resting.
Health restored: 18
Found a stone staircase leading down.
A rat comes into view.
The rat bites you but does no damage.
You hit the rat.
You kill the rat!
No target in view!
No target in view!
A giant cockroach comes into view.
A rat comes into view.
The giant cockroach barely misses you.
Your shield and scale mail prevent you from hitting the giant cockroach.
The giant cockroach bites you but does no damage. x2
You closely miss the giant cockroach.
The giant cockroach completely misses you.
The giant cockroach barely misses you.
You thump the giant cockroach!
You kill the giant cockroach!
The rat twitches its whiskers.
You hit the rat. You block the rat's attack.
The rat bites you but does no damage.
You barely miss the rat. The rat bites you but does no damage.
Your shield prevents you from hitting the rat.
You block the rat's attack.
You hit the rat.
You kill the rat!
Your Maces & Flails skill increases to level 2!
A kobold comes into view. It is wielding a short sword.
The kobold shouts!
The kobold throws a stone.
The stone hits you but does no damage.
You see here a stone.
The kobold throws a stone.
You block the stone.
You see here a stone.
The kobold throws a stone.
You block the stone.
You see here a stone.
The kobold throws a stone.
You block the stone.
You see here a stone.
You block the kobold's attack.
You hit the kobold.
You kill the kobold!
No target in view!
You see here a buckler.
e - a buckler Wield which item (- for none, * to show all)? (? for menu, Esc to quit)
Okay, then.
Wear which item? (? for menu, Esc to quit)
You start removing your armour.
You continue taking off your +0 shield.
You continue taking off your +0 shield. x3
You finish taking off your +0 shield.
You start putting on your armour.
You continue putting on your buckler.
You continue putting on your buckler. x4
You finish putting on your +0 buckler.
Things that are here:
a short sword; a stone; a kobold corpse A bat comes into view.
A bat is nearby!
The bat hits you.
You take 1 damage, and have 17/18 hp.
The bat barely misses you. The bat hits you but does no damage.
You closely miss the bat. The bat hits you but does no damage.
The bat hits you but does no damage. The bat hits you but does no damage.
You block the bat's attack.
You thump the bat!
You kill the bat!
Health restored: 18 No target in view!
No target in view!
h - a meat ration {@e2}
Found an escape hatch in the floor.
A goblin comes into view.
The goblin shouts!
You barely miss the goblin. The goblin hits you but does no damage.
You sock the goblin!
You kill the goblin!
No target in view!
You see here a goblin corpse.
You see here a goblin corpse.
All of the chunks of flesh in your inventory have rotted away.
A bat comes into view.
The bat misses you.
There is an escape hatch in the floor here.
You sock the bat!
You kill the bat!
You have reached level 2!
Your demonic ancestry asserts itself...
Your feet thicken and deform.
Health restored: 24; MP restored: 2

#.#...#.####
#.....#....# .
######......#.# #. .
#...........#.####. ...
#...........#...##.
....##.....#...#.###.##.
...........##.....##.##.
..##†@..####.##....##.
........[...............
#+####....####..#....##.
#....# #..#....##.
###### #..+....##.
...#....##. ....#...†###
.....#....# #


There were no monsters in sight!

Vanquished Creatures
  A goblin (D:1)
  A hobgoblin (D:1)
  A kobold (D:1)
  2 bats (D:1)
  A giant cockroach (D:1)
  2 rats (D:1)
8 creatures vanquished.

Notes
Turn   | Place    | Note
--------------------------------------------------------------
     0 | D:1      | Raultor the Demonspawn Fighter began the quest for the Orb.
     0 | D:1      | Reached XP level 1. HP: 18/18 MP: 1/1
   132 | D:1      | Reached skill level 2 in Maces & Flails
   247 | D:1      | Gained mutation: You have large cloven feet. [demonic ancestry]
   247 | D:1      | Reached XP level 2. HP: 24/24 MP: 2/2
   248 | D:1      | Quit the game

Vault maps used:
D:1:      minmay_arrival_checkered_box

Action                   || total
-------------------------++-------
Melee: Flail             ||    17

Vault maps used:
D:1:      minmay_arrival_checkered_box

Table legend:
 A = Turns spent in this place as a percentage of turns spent in the entire game.
 B = Non-inter-level travel turns spent in this place as a percentage of non-inter-level travel turns spent in the entire game.
 C = Inter-level travel turns spent in this place as a percentage of turns spent in this place.
 D = Turns resting spent in this place as a percentage of non-inter-level travel turns spent in this place.
 E = Turns spent auto-exploring this place as a percentage of non-inter-level travel turns spent in this place.
 F = Non-inter-level travel turns spent in this place divided by the number of levels of this place that you've seen.
                   A       B       C       D       E      F
               +-------+-------+-------+-------+-------+----------------------
         Total | 100.0 | 100.0 |   0.0 |   3.2 |  15.9 |  63.0
       Dungeon | 100.0 | 100.0 |   0.0 |   3.2 |  15.9 |  63.0
               +-------+-------+-------+-------+-------+----------------------

Table legend:
 A = Kills in this place as a percentage of kills in entire the game.
 B = Kills by you in this place as a percentage of kills by you in the entire game.
 C = Kills by friends in this place as a percentage of kills by friends in the entire game.
 D = Other kills in this place as a percentage of other kills in the entire game.
 E = Experience gained in this place as a percentage of experience gained in the entire game.
 F = Experience gained in this place divided by the number of levels of this place that you have seen.
                   A       B       C       D       E      F
               +-------+-------+-------+-------+-------+----------------------
         Total | 100.0 | 100.0 |  -nan |  -nan | 100.0 |  12.0
       Dungeon | 100.0 | 100.0 |  -nan |  -nan | 100.0 |  12.0
               +-------+-------+-------+-------+-------+----------------------
